 Dungeon Crawl Stone Soup version 0.28.0 (webtiles) character file.

Game seed: 13297242769735231342

1407 Ajdolov the Digger (level 8, -4/46 HPs)
             Began as an Octopode Earth Elementalist on Feb 12, 2022.
             Was a Follower of Vehumet.
             Slain by a wyvern zombie (7 damage)
             ... on level 5 of the Dungeon.
             The game lasted 00:11:00 (6797 turns).

Ajdolov the Digger (Octopode Earth Elementalist)    Turns: 6797, Time: 00:11:01

Health: -4/46      AC:  1    Str:  7    XL:     8   Next: 70%
Magic:  1/11       EV: 13    Int: 19    God:    Vehumet [*.....]
Gold:   82         SH:  0    Dex: 13    Spells: 8/12 levels left

rFire   . . .      SeeInvis .   k - +2 quarterstaff (vorpal)
rCold   . . .      Faith    .   (shield currently unavailable)
rNeg    . . .      Spirit   .   (helmet restricted)
rPois   .          Reflect  .   (no amulet)
rElec   .          Harm     .   (no ring)
rCorr   .          Rampage  .   (no ring)
Will    .....                   (no ring)
Stlth   ++++......              (no ring)
HPRegen 0.15/turn               (no ring)
MPRegen 0.12/turn               (no ring)
                                (no ring)
                                (no ring)

@: studying Stealth
A: almost no armour, amphibious, 8 rings, camouflage 1, gelatinous body 1,
(nimble swimmer 1), tentacles
a: Renounce Religion


You were on level 5 of the Dungeon.
You worshipped Vehumet.
Vehumet was aware of your devotion.
You visited 2 branches of the dungeon, and saw 6 of its levels.
You also visited: Sewer and Ossuary.

You collected 82 gold pieces.

Inventory:

Hand Weapons
 k - a +2 vorpal quarterstaff (weapon)
Missiles
 b - 129 stones
Wands
 l - a wand of flame (8)
 r - a wand of digging (1)
Scrolls
 a - 3 scrolls of teleportation {unknown}
 d - a scroll of vulnerability {unknown}
 e - 6 scrolls of blinking
 h - 2 scrolls of magic mapping {unknown}
 i - a scroll of silence {unknown}
 j - 6 scrolls of identify
 n - 2 scrolls of fog {unknown}
 o - a scroll of fear {unknown}
 p - 3 scrolls of amnesia {unknown}
 q - a scroll of enchant weapon {unknown}
 s - a scroll of torment {unknown}
Potions
 g - a potion of resistance {unknown}
 m - 2 potions of attraction {unknown}


   Skills:
 - Level 2.0 Dodging
 * Level 5.9 Stealth
 + Level 2.5 Spellcasting
 - Level 6.5 Conjurations
 - Level 1.0 Transmutations
 - Level 7.9 Earth Magic


You had 8 spell levels left.
You knew the following spells:

 Your Spells              Type           Power      Damage    Failure   Level
a - Sandblast             Erth           64%        2d14      1%          1
b - Stone Arrow           Conj/Erth      60%        3d10      2%          3

Your spell library contained the following spells:

 Spells                   Type           Power      Damage    Failure   Level
 Shock                    Conj/Air       56%        1d6       4%          1
 Passwall                 Tmut/Erth      15%        N/A       3%          2
 Petrify                  Tmut/Erth      19%        N/A       26%         4


Dungeon Overview and Level Annotations

Branches:
Dungeon (5/15)             Temple (1/1) D:4           Sewer (visited)
Ossuary (visited)

Altars:
Ashenzari
Cheibriados
Dithmenos
Fedhas
Gozag
Hepliaklqana
Makhleb
Nemelex Xobeh
Okawaru
Qazlal
Ru
Sif Muna
Trog
Uskayaw
Vehumet
Wu Jian
Xom
Yredelemnul
Zin
The Shining One


Innate Abilities, Weirdness & Mutations

You cannot wear most types of armour.
You are amphibious.
You can wear up to eight rings at the same time.
Your skin changes colour to match your surroundings (Stealth+).
Your rubbery body absorbs attacks. (AC +1, EV +1)
((You are camouflaged when in or above water. (Stealth+)))
You have tentacles for arms and can constrict up to eight enemies at once.


Message History

You kill the quokka!
Vehumet accepts your kill.
You barely miss the wyvern zombie. The wyvern zombie bites you! x2
You are too injured to fight recklessly!
You are too injured to fight recklessly!
The wyvern zombie bites you.
Okay, then.
Okay, then.
Unknown command.
Casting: Stone Arrow (dangerous; 2% risk of failure)
Confirm with . or Enter, or press ? or * to list all spells.
Aiming: Stone Arrow (dangerous; 2% risk of failure)
Press: ? - help, Shift-Dir - straight line, f - wyvern zombie
Aim: a wyvern zombie (91% to hit)
The stone arrow hits the wyvern zombie!!
The wyvern zombie is heavily damaged.
The wyvern zombie bites you!
* * * LOW HITPOINT WARNING * * *
The wyvern zombie completely misses you.
You are too injured to fight recklessly!
You feel better. The wyvern zombie bites you.
You see here an adder corpse.
An adder comes into view.
The wyvern zombie bites you!
* * * LOW HITPOINT WARNING * * *
The adder hisses angrily.
The adder misses you. The adder bites you.
* * * LOW HITPOINT WARNING * * *
Casting: Stone Arrow (dangerous; 2% risk of failure)
Confirm with . or Enter, or press ? or * to list all spells.
Okay, then.
Aiming: Sandblast (safe; 1% risk of failure)
Press: ? - help, Q - select action, (/) - cycle Shift-Dir - straight line, f/p - wyvern zombie
Aim: a wyvern zombie (heavily damaged, 94% to hit)
The blast of sand hits the adder!
You kill the adder!
Vehumet accepts your kill. The wyvern zombie bites you!
You die...

#..#.# .. #..##.#.##.#
#..#.# #..##.#.##.#
...#.# . #..##.#.##.#
#.## # ..#. #.#.##.# #.#
.# ..... ....##.###
#.##.#. ##...##.#.##...#
#......
...............#######
.......
......................
.......
##..###@#.####.#######
....... .......Z#. #.#
#.#.##. ##.####.# #.#
#.#.# #.# #.# .<#.# #.#
#.# #.#.##.### #.# #.#
............####.######.#
#.#.##.####.#...........#
#.#.# #.#†##.########


You could see a wyvern zombie.

Vanquished Creatures
  2 wraiths (Ossuary)
  A water moccasin (D:5)
  An orc warrior (D:4)
  A phantom (D:5)
  2 bullfrogs (Sewer)
  A scorpion (D:4)
  An elf skeleton (D:4)
  A water moccasin skeleton (D:4)
  2 wights (Ossuary)
  A centaur zombie (D:4)
  A hound (D:4)
  An orc priest (D:3)
  2 human skeletons (D:4)
  An iguana (D:4)
  A hound zombie (D:4)
  Robin (D:3)
  14 adders
  A river rat (D:3)
  An adder skeleton (D:4)
  2 adder zombies (Ossuary)
  5 worms (D:3)
  A dart slug (D:2)
  6 orcs
  3 endoplasms
  10 giant cockroaches
  12 goblins
  9 hobgoblins
  3 jackals (D:1)
  7 quokkas
  6 ball pythons
  2 ball python skeletons (Ossuary)
  2 bats
  11 frilled lizards
  A hobgoblin zombie (Ossuary)
  10 kobolds
  6 orc skeletons
  An orc zombie (Ossuary)
  9 rats
142 creatures vanquished.

Notes
Turn   | Place    | Note
-------+----------+-------------------------------------------
     0 | D:1      | Ajdolov the Octopode Earth Elementalist began the quest for
                  | the Orb.
     0 | D:1      | Reached XP level 1. HP: 11/11 MP: 3/3
   371 | D:1      | Reached XP level 2. HP: 17/17 MP: 1/5
  1182 | D:2      | Reached skill level 4 in Earth Magic
  1383 | D:2      | Reached XP level 3. HP: 14/21 MP: 4/6
  1387 | D:2      | Learned a level 3 spell: Stone Arrow
  1715 | D:2      | Reached skill level 1 in Conjurations
  1716 | D:2      | Reached XP level 4. HP: 20/27 MP: 2/7
  2307 | D:3      | Noticed Robin
  2482 | D:3      | Reached XP level 5. HP: 23/31 MP: 1/8
  2543 | D:3      | Reached skill level 5 in Earth Magic
  2548 | D:3      | Found a glowing drain.
  2567 | Sewer    | Entered a sewer
  2812 | Sewer    | Reached XP level 6. HP: 22/36 MP: 4/9
  3605 | D:3      | Killed Robin
  3629 | D:3      | Reached skill level 6 in Earth Magic
  3804 | D:3      | Found a faded altar of an unknown god.
  3893 | D:4      | Found a staircase to the Ecumenical Temple.
  3900 | Temple   | Entered the Ecumenical Temple
  4036 | Temple   | Became a worshipper of Vehumet
  4072 | D:4      | Reached XP level 7. HP: 32/41 MP: 10/10
  4414 | D:4      | Found a sand-covered staircase.
  4419 | Ossuary  | Entered an ossuary
  4528 | Ossuary  | Noticed a flying skull
  4528 | Ossuary  | Noticed a wraith
  4561 | Ossuary  | Noticed a flying skull
  4571 | Ossuary  | Noticed a wraith
  4574 | Ossuary  | Killed a wraith
  4575 | Ossuary  | Reached skill level 5 in Conjurations
  4633 | Ossuary  | Noticed a flying skull
  4754 | Ossuary  | Noticed a flying skull
  4760 | Ossuary  | Noticed a wraith
  4780 | Ossuary  | Killed a wraith
  4781 | Ossuary  | Reached skill level 7 in Earth Magic
  4781 | Ossuary  | Reached XP level 8. HP: 38/46 MP: 0/11
  6020 | D:3      | Reached * piety under Vehumet
  6020 | D:3      | Offered knowledge of Shock by Vehumet.
  6412 | D:5      | Entered Level 5 of the Dungeon
  6756 | D:5      | Reached skill level 5 in Stealth
  6788 | D:5      | HP: 2/46 [wyvern zombie (14)]
  6796 | D:5      | HP: 2/46 [adder (1)]
  6797 | D:5      | Slain by a wyvern zombie

Illustrated notes

Levels and vault maps discovered:
D:1:      evilmike_arrival_rings, layout_loops_ring, kennysheep_doodads
D:2:      layout_basic
D:3:      layout_loops_ring, ebering_ecumenical_altar_sacrificial,
          lightli_sewer_entry_pipes, moated_statue, uniq_robin
D:4:      layout_rooms, minmay_temple_entry_butterflies,
          nicolae_ossuary_entry_catacombs, serial_bayou_pond_e, hex_tiny,
          minmay_manual_maat
D:5:      layout_basic
Temple:   mainiacjoe_temple_circle_huts

Skill      XL: |  1  2  3  4  5  6  7  8 |
---------------+-------------------------+-----
Earth Magic    | 4 5 6 7 |  7.9
Conjurations   | 1 2 3 4 5 6 |  6.5
Stealth        | 5 |  5.9
Dodging        | |  2.0
Spellcasting   | |  2.5
Transmutations | |  1.0

Action                   |  1- 3 |  4- 6 |  7- 9 || total
-------------------------+-------+-------+-------++-------
Melee: Unarmed           |     7 |       |       ||     7
       Constrict         |     8 |    23 |    13 ||    44
       Tentacles         |     5 |    12 |    13 ||    30
       Dagger            |    25 |    67 |       ||    92
       Punch             |     1 |       |       ||     1
       Quarterstaff      |       |    21 |    57 ||    78
 Cast: Sandblast         |    19 |    48 |    15 ||    82
       Stone Arrow       |       |       |    25 ||    25
  Use: Scroll            |       |     1 |       ||     1
       Potion            |       |       |     5 ||     5
 Stab: Sleeping          |    10 |    14 |    10 ||    34
Armor: Skin              |     3 |     7 |     1 ||    11
Dodge: Dodged            |    13 |    56 |    58 ||   127
